Description

This protoss build order counter almost every terran openings. This is a fast expand opening into Stargate with a pressure when you have 3 oracles and this timing comes with 8 gladepts. In the video, I do a variation of the gate expand: The gaz first expand which is better if you know that there will be no cheese and if you need many gas.

The goal is a timing attack at 5.30 with 3 oracles and 8 gladepts.

Notes : - Use your first oracle to scout your opponent: Don't lose it! - If you scout an all-in: Play this build order in a defensive way - If you scout a drop: Split your units: Oracles in the main, adepts in the natural - Prepare your transition when you do your timing attack: You will do many damage but most of the time, you will not end the game with it - The best follow up is zealot/Immo/Archons - For the macro game, if the opponent goes to a mass liberator, play with tempests

VOD

https://youtu.be/bScCHIpTQxk

Replay - Okaneby v zuka - Forêt cybernétique EC

Build Order

Get SALT Encoding   

  12  0:01  Probe  
  13  0:13  Probe  
  14  0:17  Pylon  
  14  0:24  Probe  
  15  0:31  Assimilator  
  15  0:32  Probe  
  16  0:43  Probe  
  16  0:44  Gateway  
  17  0:55  Probe  
  18  1:07  Probe  
  19  1:15  Probe  
  19  1:23  Probe  
  20  1:30  Cybernetics Core  
  21  1:33  Probe  
  22  1:47  Nexus  
  22  1:53  Pylon  
  22  2:02  Adept  
  22  2:05  Assimilator  
  23  2:11  Warp Gate  
  27  2:32  Adept  
  29  2:40  Stargate  
  30  2:47  Pylon  
  33  3:09  Twilight Council  
  34  3:14  Oracle  
  39  3:30  Shield Battery  
  39  3:33  Adept  
  45  3:45  Assimilator  
  45  3:49  Gateway  
  45  3:55  Resonating Glaives  
  47  3:57  Oracle  
  50  4:07  Gateway  
  51  4:18  Pylon  
  52  4:27  Pylon  
  53  4:36  Oracle  
  56  4:44  Assimilator  
  57  4:46  Adept x2  
  61  5:02  Adept  
  63  5:07  Adept x2  
  63  5:13  Nexus  
  67  5:26  Robotics Facility  
  68  5:29  Charge  
  64  5:57  Stalker x3  
  71  6:22  Gateway  
  66  6:37  Zealot x3  
  66  6:39  Observer  
  72  6:42  Gateway x2  
  75  6:48  Gateway  
  75  6:51  Forge x2  
  78  7:04  Zealot x2  
  78  7:07  Protoss Ground Weapons Level 1, Protoss Ground Armor Level 1  
  85  7:16  Gateway, Blink  
  89  7:31  Assimilator x2  
  89  7:32  Templar Archives  
  88  7:45  Photon Cannon  
  88  7:52  Phoenix  
  88  7:55  Zealot x4  
  98  7:59  Psionic Storm  
  98  8:06  Photon Cannon  
  98  8:09  Gateway  
  98  8:13  Photon Cannon  
  98  8:17  High Templar x4  
  98  8:19  Zealot  
  108  8:27  Photon Cannon  
  108  8:32  Archon x2  
  91  8:46  Immortal  
  95  8:50  High Templar x4  
  95  8:54  Archon x2  
  114  9:23  Protoss Ground Weapons Level 2, Protoss Ground Armor Level 2  
  127  9:48  Photon Cannon x2  
  127  9:51  Shield Battery  
  127  9:53  High Templar x2  
Spawning Tool Build Advisor. Get it on Overwolf

Go to:

Details

  • Created by: zuka      
  • Published on: Mar 01, 2019
  • Modified on: Mar 01, 2019
  • Patch: 4.7.1
Show
View Real Time Build Order
Export as new Build Order

Comments (0)

There are no comments. Be the first!

Create an account to comment!